 Dungeon Crawl Stone Soup version 0.18.1-8-gdd0e5ea (webtiles) character file.

70 sleepydude the Skirmisher (level 4, -1/63 HPs)
             Began as a Minotaur Berserker on June 2, 2016.
             Was a Believer of Trog.
             Slain by a gnoll
             ... wielding a +0 flail
              (4 damage)
             ... on level 2 of the Dungeon.
             The game lasted 00:03:51 (975 turns).

sleepydude the Skirmisher (Minotaur Berserker)       Turns: 975, Time: 00:03:52

Health: -1/63      AC:  5    Str: 26    XL:     4   Next: 4%
Magic:  3/3        EV: 11    Int:  4    God:    Trog [**....]
Gold:   49         SH:  0    Dex: 11    Spells: 0 memorised, 3 levels left

rFire  . . .     SeeInvis .     a - +0 mace
rCold  . . .     Gourm    .     g - +0 ring mail
rNeg   . . .     Faith    .     (no shield)
rPois  .         Spirit   .     (helmet restricted)
rElec  .         Dismiss  .     (no cloak)
rCorr  .         Reflect  .     (no gloves)
SustAt .         Harm     .     (no boots)
MR     .....                    (no amulet)
Stlth  ..........               (no ring)
                                (no ring)

@: berserking, very quick, not resistant to hostile enchantments, extremely
unstealthy
A: retaliatory headbutt, horns 2
a: Berserk, Trog's Hand, Burn Spellbooks, Renounce Religion


You were on level 2 of the Dungeon.
You worshipped Trog.
Trog was pleased with you.
You were hungry.

You visited 1 branch of the dungeon, and saw 3 of its levels.

You collected 49 gold pieces.

Inventory:

Hand Weapons
 a - a +0 mace (weapon)
Armour
 b - a +0 animal skin
 g - a +0 ring mail (worn)
Scrolls
 d - 3 scrolls of amnesia {unknown}
 e - a scroll of blinking {unknown}
 f - a scroll of immolation {unknown}
 i - a scroll of remove curse {unknown}
Potions
 h - a potion of cancellation {unknown}
Comestibles
 c - 2 bread rations


   Skills:
 - Level 5.0 Fighting
 + Level 4.7 Maces & Flails
 - Level 2.4 Armour
 - Level 2.4 Dodging


You had 3 spell levels left.
You didn't know any spells.

Dungeon Overview and Level Annotations

Branches:
Dungeon (3/15)

Altars:


Innate Abilities, Weirdness & Mutations

You reflexively headbutt those who attack you in melee.
You have a pair of horns on your head.


Message History

* * * LOW HITPOINT WARNING * * *
You are too injured to fight recklessly!
You are too injured to fight recklessly!
You are too injured to fight recklessly!
Unknown command.
You are too injured to fight recklessly!
You are too injured to fight recklessly!
Unknown command.
You are too injured to fight recklessly!
Unknown command.
You are too injured to fight recklessly!
You hit the gnoll. Your headbutt misses the gnoll.
The gnoll is heavily wounded.
The gnoll closely misses you. You furiously retaliate!
You headbutt the gnoll!
You kill the gnoll!
Trog accepts your kill.
You have reached level 4!
You feel agile. The gnoll hits you with a flail.
You die...

####### #.....#
#.....#
#########.....####
#.......'.....'...
#.#######.....####
#)################
#@gr......r...r...
#g################
#.# #.# #.# #.#
#.# #.####
#####....##


You could see 2 gnolls and a quokka.

Vanquished Creatures
  An adder (D:1)
  2 gnolls (D:2)
  3 dart slugs (D:1)
  A giant gecko (D:1)
  A ball python (D:1)
  2 giant cockroaches
  8 goblins
  3 hobgoblins
  5 kobolds (D:1)
  2 bats (D:1)
  4 giant newts
  3 rats
35 creatures vanquished.

Vanquished Creatures (others)
  4 toadstools (D:1)
4 creatures vanquished.

Grand Total: 39 creatures vanquished

Notes
Turn   | Place    | Note
--------------------------------------------------------------
     0 | D:1      | sleepydude the Minotaur Berserker began the quest for the Orb.
     0 | D:1      | Reached XP level 1. HP: 19/19 MP: 0/0
    34 | D:1      | Reached XP level 2. HP: 19/27 MP: 1/1
   135 | D:1      | Reached skill level 4 in Fighting
   340 | D:1      | Reached XP level 3. HP: 25/34 MP: 2/2
   509 | D:1      | Reached ** piety under Trog
   517 | D:2      | Reached skill level 5 in Fighting
   974 | D:2      | HP: 2/54 [gnoll/spear (8)]
   975 | D:2      | Reached XP level 4. HP: 3/42 MP: 3/3
   975 | D:2      | Slain by a gnoll

Skill      XL: |  1  2  3 |
---------------+----------+-----
Maces & Flails | 4 |  4.7
Fighting       | 4 5 |  5.0
Armour         | |  2.4
Dodging        | |  2.4

Action                   |  1- 3 |  4- 6 || total
-------------------------+-------+-------++-------
Melee: Mace              |    66 |       ||    66
       Headbutt          |    18 |       ||    18
Invok: Berserk           |     1 |       ||     1
  Use: Potion            |     2 |       ||     2
Armor: Animal skin       |     8 |       ||     8
       Ring mail         |     7 |       ||     7
Dodge: Dodged            |    63 |       ||    63
